 Dungeon Crawl Stone Soup version 0.21.1-1-g345015fe64 (webtiles) character file.

2445 Htamos the Thaumaturge (level 9, -3/45 HPs)
             Began as a Deep Elf Conjurer on July 12, 2018.
             Was a Believer of Sif Muna.
             Slain by a two-headed ogre
             ... wielding a +0 giant club
              (29 damage)
             ... on level 7 of the Dungeon.
             The game lasted 00:30:29 (10302 turns).

Htamos the Thaumaturge (Deep Elf Conjurer)         Turns: 10302, Time: 00:30:29

Health: -3/45      AC:  5    Str:  5    XL:     9   Next: 25%
Magic:  2/26       EV: 12    Int: 24    God:    Sif Muna [**....]
Gold:   322        SH:  0    Dex: 15    Spells: 25/30 levels left

rFire    . . .     SeeInvis +   l - +4 dagger
rCold    . . .     Gourm    .   (no shield)
rNeg     . . .     Faith    .   e - +0 leather armour
rPois    .         Spirit   .   t - +0 helmet (curse)
rElec    .         Reflect  .   k - +0 cloak
rCorr    .         Harm     .   (no gloves)
MR       .....                  (no boots)
Stlth    ++........             (no amulet)
HPRegen  0.15/turn              q - ring of see invisible
MPRegen  0.20/turn              (no ring)

@: very slightly contaminated
A: no striking features
a: Divine Energy, Renounce Religion


You were on level 7 of the Dungeon.
You worshipped Sif Muna.
Sif Muna was pleased with you.
You were hungry.

You visited 2 branches of the dungeon, and saw 9 of its levels.

You collected 442 gold pieces.
You spent 120 gold pieces at shops.

Inventory:

Hand Weapons
 j - a +0 short sword
 l - a +4 dagger (weapon)
 s - a +2 hunting sling of freezing
 w - the +7 hunting sling "Wijo" {flame, +Inv rN+ Str-4}
   (You found it on level 5 of the Dungeon)

   It causes projectiles fired from it to burn those they strike, causing extra
   injury to most foes and up to half again as much damage against particularly
   susceptible opponents.
   It affects your strength (-4).
   It protects you from negative energy.
   It lets you turn invisible.
 G - a +0 shortbow
 P - a +0 hand crossbow
 Q - a +0 blowgun
Missiles
 d - 299 stones (quivered)
 u - 112 arrows
 v - 142 bolts
 y - 2 needles of paralysis
 B - 17 sling bullets
 C - 46 poisoned needles
Armour
 a - a +0 robe
 e - a +0 leather armour (worn)
 i - +0 ice dragon scales
 k - a +0 cloak (worn)
 t - a cursed +0 helmet (worn)
 z - a +0 helmet
Jewellery
 q - a ring of see invisible (left hand)
Wands
 m - a wand of random effects (30)
 D - a wand of clouds (5)
Scrolls
 f - 3 scrolls of identify
 g - 8 scrolls of teleportation
 h - 4 scrolls of amnesia
 n - a scroll of silence {unknown}
 p - 2 scrolls of fear {unknown}
 x - 2 scrolls of fog {unknown}
 E - 3 scrolls of remove curse {unknown}
 H - 3 scrolls of vulnerability {unknown}
 I - a scroll of enchant armour {unknown}
 J - a scroll of magic mapping
Potions
 o - 3 potions of brilliance
 r - 2 potions of flight
 A - a potion of ambrosia
 F - a potion of heal wounds
 K - a potion of mutation
 O - a potion of berserk rage
Books
 b - a book of Conjurations

   Spells                             Type                      Level
   a - Magic Dart                     Conjuration                  1
   b - Searing Ray                    Conjuration                  2
   c - Dazzling Spray                 Conjuration/Hexes            3
   d - Fulminant Prism                Conjuration/Hexes            4
   e - Force Lance                    Conjuration/Translocation    4
   f - Iskenderun's Mystic Blast      Conjuration                  4
 M - a book of Maledictions

   Spells                             Type                      Level
   a - Corona                         Hexes                        1
   b - Ensorcelled Hibernation        Hexes/Ice                    2
   c - Confuse                        Hexes                        3
   d - Tukima's Dance                 Hexes                        3
   e - Dazzling Spray                 Conjuration/Hexes            3
 N - a Fen Folio

   Spells                             Type                      Level
   a - Corpse Rot                     Necromancy                   2
   b - Stone Arrow                    Conjuration/Earth            3
   c - Leda's Liquefaction            Hexes/Earth                  4
   d - Summon Forest                  Summoning/Translocation      5
   e - Hydra Form                     Transmutation                6
   f - Summon Hydra                   Summoning                    7
Comestibles
 c - 12 rations
 L - 2 chunks of flesh


   Skills:
 * Level 4.8 Slings
 - Level 2.4 Dodging
 - Level 2.4 Stealth
 + Level 11.4 Spellcasting
 + Level 8.7 Conjurations
 + Level 0.1 Translocations


You had 25 spell levels left.
You knew the following spells:

 Your Spells              Type           Power        Failure   Level  Hunger
a - Magic Dart            Conj           ####         1%          1    None
b - Force Lance           Conj/Tloc      ####....     12%         4    None


Dungeon Overview and Level Annotations

Branches:
Dungeon (8/15)             Temple (1/1) D:4            Lair (0/6) D:8

Altars:
Ashenzari
Cheibriados
Dithmenos
Elyvilon
Fedhas
Gozag
Hepliaklqana
Kikubaaqudgha
Makhleb
Nemelex Xobeh
Okawaru
Qazlal
Ru
Sif Muna
Trog
Uskayaw
Vehumet
Wu Jian
Xom
Yredelemnul
Zin
The Shining One

Shops:
D:5 *

Annotations:
D:4 Menkaure


Message History

Throwing (i - inventory):
d - 302 stones (quivered)
Press: ? - help, Shift-Dir - straight line, f/p - two-headed ogre
Aim: a two-headed ogre, wielding two giant clubs (severely wounded)
You throw a stone. The stone hits the two-headed ogre.
The two-headed ogre is almost dead.
The two-headed ogre barely misses you. The two-headed ogre closely misses you.
Throwing (i - inventory):
d - 301 stones (quivered)
Press: ? - help, Shift-Dir - straight line, f/p - two-headed ogre
Aim: a two-headed ogre, wielding two giant clubs (almost dead)
You throw a stone.
The stone closely misses the two-headed ogre.
Throwing (i - inventory):
d - 300 stones (quivered)
Press: ? - help, Shift-Dir - straight line, f/p - two-headed ogre
Aim: a two-headed ogre, wielding two giant clubs (almost dead)
You throw a stone.
The stone hits the two-headed ogre but does no damage.
The two-headed ogre is almost dead.
The two-headed ogre hits you with a giant club!!
Ouch! That really hurt!
You die...

#..###............# #
##.##............## #
#..#............# #
##.#..........### #
#..#......#### #### #####
##.##############...
#...##########..####............
#.....#.....##......###........
##............@#######.........
###.........O## #.........
###.).....## ##.........
##.......# #..........
#........# #..........
#........# #..........
#.......## #.......... #..(....#
##.......... ###.....#
#...........


You could see a two-headed ogre.

Vanquished Creatures
  Grinder (D:6)
  4 hogs (D:7)
  A human (D:7)
  2 sky beasts
  A black bear (D:8)
  2 ogres
  A centaur (D:7)
  2 bullfrogs
  A big kobold (D:7)
  2 scorpions
  A crimson imp (D:5)
  A centaur zombie (D:7)
  5 hounds
  A bullfrog skeleton (D:6)
  A centaur skeleton (D:4)
  3 orc wizards
  Crazy Yiuf (D:3)
  Ijyb (D:3)
  2 iguanas
  5 worker ants
  A hound zombie (D:5)
  3 hound skeletons
  8 adders
  4 gnolls
  5 shadow imps
  2 oozes (D:2)
  2 adder skeletons
  A worm (D:5)
  A dart slug (D:4)
  7 leopard geckos
  3 orcs
  8 giant cockroaches
  16 goblins
  10 hobgoblins
  6 jackals
  2 quokkas
  A ball python (D:2)
  6 bats
  A jackal skeleton (D:5)
  17 kobolds
  A leopard gecko skeleton (D:4)
  2 quokka skeletons
  9 rats
154 creatures vanquished.

Notes
Turn   | Place    | Note
-------+----------+-------------------------------------------
     0 | D:1      | Htamos the Deep Elf Conjurer began the quest for the Orb.
     0 | D:1      | Reached XP level 1. HP: 10/10 MP: 6/6
   431 | D:1      | Reached skill level 4 in Spellcasting
   431 | D:1      | Reached XP level 2. HP: 15/15 MP: 5/9
   914 | D:2      | Reached XP level 3. HP: 19/19 MP: 3/11
   960 | D:2      | Reached skill level 5 in Spellcasting
  1246 | D:2      | Found a sparkling altar of Nemelex Xobeh.
  1271 | D:2      | Found a white marble altar of Elyvilon.
  1448 | D:2      | Found a basalt altar of Yredelemnul.
  1567 | D:2      | Reached XP level 4. HP: 17/24 MP: 0/13
  1691 | D:2      | Found an iron altar of Okawaru.
  1938 | D:3      | Found a blossoming altar of Fedhas.
  1951 | D:3      | Noticed Ijyb
  2181 | D:3      | HP: 1/24 [Ijyb/enchanted club (5)]
  2186 | D:3      | Killed Ijyb
  2186 | D:3      | Reached skill level 6 in Spellcasting
  2186 | D:3      | Reached skill level 5 in Conjurations
  2429 | D:3      | Found a shimmering altar of Xom.
  2583 | D:3      | Found a runed door.
  2955 | D:3      | Noticed Crazy Yiuf
  2960 | D:3      | Killed Crazy Yiuf
  2960 | D:3      | Reached XP level 5. HP: 15/28 MP: 10/16
  3204 | D:4      | Found a staircase to the Ecumenical Temple.
  3214 | D:4      | Reached skill level 7 in Spellcasting
  3253 | Temple   | Entered the Ecumenical Temple
  3316 | Temple   | Became a worshipper of Sif Muna the Loreminder
  3366 | D:4      | Reached XP level 6. HP: 17/32 MP: 11/18
  3628 | D:4      | Noticed Menkaure
  4806 | D:4      | Reached skill level 8 in Spellcasting
  5061 | D:5      | Entered Level 5 of the Dungeon
  5107 | D:5      | Found Pesche Siemm's Elemental Accessories.
  5115 | D:5      | Bought a wand of iceblast (6) for 120 gold pieces
  5226 | D:5      | Got a warped hunting sling
  5227 | D:5      | Identified the +7 hunting sling "Wijo" {flame, +Inv rN+ Str-4} (You found it on level 5 of the Dungeon)
  5241 | D:5      | Noticed a sky beast
  5364 | D:5      | Killed a sky beast
  5364 | D:5      | Reached XP level 7. HP: 19/36 MP: 21/21
  5529 | D:5      | Found a stormy altar of Qazlal.
  5588 | D:5      | Reached skill level 1 in Slings
  6341 | D:5      | Reached skill level 9 in Spellcasting
  6803 | D:5      | Found an ornate altar of the Wu Jian Council.
  7121 | D:6      | Found a hide-covered altar of Uskayaw.
  7156 | D:6      | Noticed Grinder
  7162 | D:6      | Killed Grinder
  7162 | D:6      | Reached XP level 8. HP: 41/41 MP: 21/23
  7200 | D:6      | Found a glowing golden altar of the Shining One.
  7227 | D:6      | Reached skill level 10 in Spellcasting
  7619 | D:6      | Reached * piety under Sif Muna
  8188 | D:7      | Noticed a two-headed ogre
  8282 | D:7      | Found a glowing silver altar of Zin.
  8841 | D:7      | Reached skill level 11 in Spellcasting
  8841 | D:7      | Reached XP level 9. HP: 41/45 MP: 24/26
  9417 | D:8      | Found a shattered altar of Ashenzari.
  9419 | D:8      | Found a sacrificial altar of Ru.
  9421 | D:8      | Found a radiant altar of Vehumet.
  9460 | D:8      | Learned a level 4 spell: Force Lance
  9963 | D:8      | Reached ** piety under Sif Muna
 10130 | D:8      | Found a staircase to the Lair.
 10130 | D:8      | Noticed a komodo dragon
 10302 | D:7      | Slain by a two-headed ogre

Skill      XL: |  1  2  3  4  5  6  7  8 |
---------------+-------------------------+-----
Spellcasting   | 4 5 6 7 8 9 11 | 11.4
Conjurations   | 5 6 8 |  8.7
Slings         | 2 4 |  4.8
Dodging        | |  2.4
Stealth        | |  2.4
Translocations | |  0.1

Action                   |  1- 3 |  4- 6 |  7- 9 || total
-------------------------+-------+-------+-------++-------
Melee: Dagger            |       |    38 |    16 ||    54
 Fire: Hunting sling     |       |     8 |    21 ||    29
Throw: Stone             |       |       |     6 ||     6
 Cast: Magic Dart        |    97 |   123 |   232 ||   452
       Force Lance       |       |       |    15 ||    15
Evoke: Wand              |       |       |     9 ||     9
  Use: Scroll            |       |    13 |     6 ||    19
       Potion            |       |     3 |     3 ||     6
 Stab: Confused          |       |       |     1 ||     1
  Eat: Chunk             |     2 |     7 |    15 ||    24
       Ration            |       |     1 |       ||     1
Armor: Leather armour    |     6 |    21 |    22 ||    49
Dodge: Dodged            |    11 |    53 |    56 ||   120
